 Dungeon Crawl Stone Soup version 0.31-a0-4-gefa6de2278 (webtiles) character file.

Game seed: 3916962662316269652

547695 mandoloar the Warrior (level 26, -8/196 HPs)
             Began as an Octopode Transmuter on May 2, 2023.
             Was the Champion of Cheibriados.
             Mangled by a rockslime (43 damage)
             ... on level 5 of the Pits of Slime on May 3, 2023.
             The game lasted 03:59:19 (73509 turns).

mandoloar the Warrior (Octopode Transmuter)        Turns: 73509, Time: 03:59:20

Health: -8/196     AC: 13    Str: 26    XL:     26   Next: 20%
Magic:  41/51      EV: 46    Int: 63    God:    Cheibriados [******]
Gold:   2890       SH:  5    Dex: 29    Spells: 22/56 levels left

rFire   + + .        a - melded staff of air "Yxzigoipt" {rElec rC+ rN+}
rCold   x . .        j - melded +2 tower shield
rNeg    . . .        y - melded +4 hat "Ynlucap" {Fly rPois}
rPois   ∞            k - amulet "Jyurgh" {Reflect rElec SH+5}
rElec   +            p - ring of protection from fire
rCorr   .            V - ring of magical power
SInv    .            w - +4 ring of protection
Will    +....        Y - +6 ring of intelligence
Stlth   ++++++       C - +6 ring of intelligence
HPRegen 0.52/turn    l - ring "Ydiuplum" {Fire Int+3}
MPRegen 0.32/turn    U - ring "Ruarph Uhitetz" {rElec rPois Str+3 Int+4}
                     K - +6 ring of intelligence

%: reflection
@: storm-form, corroded, flying, unable to drink, very slow
A: cleaving, insubstantial, flying, almost no armour, amphibious, 8 rings,
(camouflage 1), (gelatinous body 1), (nimble swimmer 1), (tentacles), dopey 1,
weak 1, inability to drink after injury 1
}: 3/15 runes: serpentine, barnacled, silver
a: Blinkbolt, End Transformation, Renounce Religion, Bend Time, Temporal
Distortion, Slouch, Step From Time


You were on level 5 of the Pits of Slime.
You worshipped Cheibriados.
Cheibriados was exalted by your worship.
You were a lightning-filled tempest!
You visited 11 branches of the dungeon, and saw 49 of its levels.
You visited the Abyss 2 times.
You also visited: Ice Cave.

You collected 6529 gold pieces.
You spent 3639 gold pieces at shops.

Inventory:

Armour
 j - a +2 tower shield (melded)
 y - the +4 hat "Ynlucap" (melded) {Fly rPois}
   (You acquired it on level 2 of the Dungeon)

   rPois:     It protects you from poison.
   Fly:       It grants you flight.
Magical Staves
 a - the staff of air "Yxzigoipt" (melded) {rElec rC+ rN+}
   (You found it on level 1 of the Snake Pit)

   [staff of air]

   Base accuracy: +5 Base damage: 5 Base attack delay: 1.2 This weapon's minimum
   attack delay (0.6) is reached at skill level 12.
   rC:        It protects you from cold.
   rElec:     It insulates you from electricity.
   rN:        It protects you from negative energy.
   It falls into the 'Staves' category.
   It is a one-tentacled weapon.
 b - the staff of death "Etepleh" {rN+ rCorr Str+3 Dex-4}
   (You found it on level 3 of the Elven Halls)

   [staff of death]

   Base accuracy: +5 Base damage: 5 Base attack delay: 1.2 This weapon's minimum
   attack delay (0.6) is reached at skill level 12.
   Str:       It affects your strength (+3).
   Dex:       It affects your dexterity (-4).
   rN:        It protects you from negative energy.
   rCorr:     It protects you from acid and corrosion.
   It falls into the 'Staves' category.
   It is a one-tentacled weapon.
Jewellery
 k - the amulet "Jyurgh" (around neck) {Reflect rElec SH+5}
   (You acquired it on level 1 of the Vaults)

   [amulet of reflection]

   It reflects blocked missile attacks.
   rElec:     It insulates you from electricity.
   SH:        It affects your SH (+5).
 l - the ring "Ydiuplum" (on tentacle) {Fire Int+3}
   (You bought it in a shop on level 1 of the Orcish Mines)

   [ring of fire]

   It enhances your fire magic.
   Int:       It affects your intelligence (+3).
   rF:        It protects you from fire.
   rC:        It makes you vulnerable to cold.
 n - a ring of protection from cold
 p - a ring of protection from fire (left tentacle)
 t - a +5 ring of evasion
 w - a +4 ring of protection (on tentacle)
 C - a +6 ring of intelligence (on tentacle)
 K - a +6 ring of intelligence (on tentacle)
 U - the ring "Ruarph Uhitetz" (on tentacle) {rElec rPois Str+3 Int+4}
   (You bought it in a shop on level 1 of the Orcish Mines)

   [ring of poison resistance]

   Str:       It affects your strength (+3).
   Int:       It affects your intelligence (+4).
   rElec:     It insulates you from electricity.
   rPois:     It protects you from poison.
 V - a ring of magical power (right tentacle)
 X - a ring of see invisible
 Y - a +6 ring of intelligence (on tentacle)
Wands
 I - a wand of digging (19)
Scrolls
 c - 11 scrolls of poison
 i - 5 scrolls of identify
 o - 6 scrolls of torment
 q - 4 scrolls of fog
 u - a scroll of silence
 v - 8 scrolls of blinking
 A - 6 scrolls of enchant armour
 B - 7 scrolls of magic mapping
 G - 25 scrolls of teleportation
 H - 11 scrolls of immolation
 M - 5 scrolls of brand weapon
 N - 7 scrolls of butterflies
 P - 5 scrolls of amnesia
 Q - 2 scrolls of enchant weapon
 S - 2 scrolls of vulnerability
 W - 8 scrolls of fear
Potions
 d - 6 potions of heal wounds
 e - 4 potions of ambrosia
 f - 28 potions of curing
 g - 4 potions of lignification
 h - 3 potions of invisibility
 m - 13 potions of haste
 r - 4 potions of cancellation
 s - 10 potions of mutation
 x - 7 potions of attraction
 z - 5 potions of resistance
 D - 11 potions of flight
 E - 5 potions of berserk rage
 F - 11 potions of brilliance
 J - 2 potions of might
 R - 2 potions of magic


   Skills:
 + Level 20.1 Fighting
 + Level 17.5 Dodging
 - Level 14.0 Stealth
 + Level 10.2 Shields
 + Level 17.7 Unarmed Combat
 + Level 15.9 Spellcasting
 - Level 5.0 Translocations
 + Level 18.4 Transmutations
 + Level 16.1 Air Magic
 - Level 10.0 Earth Magic
 - Level 14.0 Invocations


You had 22 spell levels left.
You knew the following spells:

 Your Spells              Type           Power      Damage    Failure   Level
a - Storm Form            Tmut/Air       66%        N/A       1%          7
b - Wereblood             Tmut           100%       N/A       0%          2
c - Ozocubu's Armour      Ice            50%        N/A       1%          3
d - Statue Form           Tmut/Erth      82%        N/A       1%          6
e - Manifold Assault      Tloc           85%        N/A       1%          4
f - Irradiate             Conj/Tmut      52%        3d29      1%          5
g - Dragon Form           Tmut           68%        N/A       1%          7

Your spell library contained the following spells:

 Spells                   Type           Power      Damage    Failure   Level
 Beastly Appendage        Tmut           100%       N/A       0%          1
 Shock                    Conj/Air       100%       1d9       0%          1
 Passwall                 Tmut/Erth      100%       N/A       0%          2
 Static Discharge         Conj/Air       100%       2-7/arc   0%          2
 Spider Form              Tmut/Pois      100%       N/A       0%          3
 Swiftness                Air            100%       N/A       0%          3
 Vhi's Electric Charge    Tloc/Air       100%       N/A       0%          3
 Airstrike                Air            65%        2d(10-26) 0%          4
 Petrify                  Tmut/Erth      100%       N/A       0%          4
 Blade Hands              Tmut           68%        N/A       0%          5
 Foxfire                  Conj/Fire      100%       2x1d9     1%          1
 Magic Dart               Conj           100%       1d8       1%          1
 Necrotise                Necr           100%       1d9       1%          1
 Summon Small Mammal      Summ           100%       N/A       1%          1
 Blink                    Tloc           100%       N/A       1%          2
 Cigotuvi's Dreadful Rot  Necr/Pois/Air  100%       N/A       1%          2
 Ensorcelled Hibernation  Hex/Ice        100%       N/A       1%          2
 Momentum Strike          Conj/Tloc      100%       3d10      1%          2
 Scorch                   Fire           100%       2d9       1%          2
 Searing Ray              Conj           100%       2d8       1%          2
 Sublimation of Blood     Necr           50%        N/A       1%          2
 Call Canine Familiar     Summ           50%        N/A       1%          3
 Dazzling Flash           Conj/Hex       100%       N/A       1%          3
 Gell's Gravitas          Tloc           85%        N/A       1%          3
 Ignite Poison            Fire/Tmut/Pois 100%       N/A       1%          3
 Portal Projectile        Hex/Tloc       100%       N/A       1%          3
 Stone Arrow              Conj/Erth      100%       3d13      1%          3
 Summon Guardian Golem    Hex/Summ       50%        N/A       1%          3
 Teleport Other           Tloc           85%        N/A       1%          3
 Anguish                  Hex/Necr       25%        N/A       1%          4
 Animate Dead             Necr           50%        N/A       1%          4
 Cause Fear               Hex            25%        N/A       1%          4
 Flame Wave               Conj/Fire      66%        2d15      1%          4
 Fulminant Prism          Conj/Hex       25%        3d13      1%          4
 Ice Form                 Ice/Tmut       100%       N/A       1%          4
 Iskenderun's Mystic Bla  Conj/Tloc      69%        2d14      1%          4
 Leda's Liquefaction      Hex/Erth       42%        N/A       1%          4
 Summon Lightning Spire   Summ/Air       100%       N/A       1%          4
 Arcjolt                  Conj/Air       50%        1d60      1%          5
 Borgnjor's Vile Clutch   Necr/Erth      42%        N/A       1%          5
 Freezing Cloud           Conj/Ice/Air   43%        6-21      1%          5
 Silence                  Hex/Air        50%        N/A       1%          5
 Summon Forest            Summ/Tloc      34%        N/A       1%          5
 Conjure Ball Lightning   Conj/Air       50%        3x3d17    1%          6
 Eringya's Noxious Bog    Tmut/Pois      52%        N/A       1%          6
 Plasma Beam              Fire/Air       61%        2x1d84    1%          6
 Maxwell's Capacitive Co  Air            65%        ∞         1%          8
 Dispersal                Tloc           42%        N/A       4%          6
 Iron Shot                Conj/Erth      42%        9d8       4%          6
 Agony                    Necr           50%        N/A       5%          5
 Fireball                 Conj/Fire      33%        3d14      5%          5
 Iskenderun's Battlesphe  Conj           50%        2d10      5%          5
 Metabolic Englaciation   Hex/Ice        25%        N/A       5%          5
 Death Channel            Necr           25%        N/A       30%         6
 Starburst                Conj/Fire      33%        6d10      30%         6
 Summon Cactus Giant      Summ           25%        N/A       30%         6
 Necromutation            Tmut/Necr      52%        N/A       30%         8
 Malign Gateway           Summ/Tloc      34%        N/A       52%         7
 Enfeeble                 Hex            25%        N/A       86%         7
 Haunt                    Necr/Summ      25%        N/A       86%         7
 Orb of Destruction       Conj           25%        9d9       86%         7
 Ozocubu's Refrigeration  Ice            25%        4d13      86%         7
 Spellforged Servitor     Conj/Summ      25%        N/A       86%         7
 Summon Hydra             Summ           25%        N/A       86%         7
 Disjunction              Tloc           42%        N/A       86%         8
 Lehudib's Crystal Spear  Conj/Erth      42%        10d10     86%         8
 Borgnjor's Revivificati  Necr           25%        N/A       100%        8
 Summon Horrible Things   Summ           25%        N/A       100%        8
 Dragon's Call            Summ           25%        N/A       100%        9
 Polar Vortex             Ice            25%        N/A       100%        9
 Animate Armour           Summ/Erth      Unusable   N/A       N/A         4

Dungeon Overview and Level Annotations

Branches:
Dungeon (15/15)            Temple (1/1) D:7            Lair (5/5) D:8
 Shoals (4/4) Lair:3        Snake (4/4) Lair:3        Slime (5/5) Lair:5
    Orc (2/2) D:11            Elf (3/3) Orc:2        Vaults (5/5) D:13
  Crypt (1/3) Vaults:3     Depths (4/4) D:15            Zot (0/5) Depths:4
  IceCv (visited)

Altars:
Ashenzari
Cheibriados
Dithmenos
Elyvilon
Fedhas
Gozag
Hepliaklqana
Kikubaaqudgha
Makhleb
Nemelex Xobeh
Okawaru
Qazlal
Ru
Sif Muna
Trog
Uskayaw
Vehumet
Wu Jian
Xom
Yredelemnul
Zin
The Shining One
Jiyva

Shops:
D:5 :   D:6 ?   D:11 ?   D:13 :   Orc:1 =   Orc:2 (:[*   Shoals:3 [   Snake:1 *
Snake:4 ?   Vaults:5 !   Depths:1 !*([   Depths:4 ???!(

Portals:
Hell: Depths:1 Depths:2 Depths:3 Depths:4
Abyss: Depths:3
Pandemonium: Depths:2
Ziggurat: Depths:1

Annotations:
Lair:1 1 runed translucent door, turdburglar's ghost, journeyman GnHs


Innate Abilities, Weirdness & Mutations

You are a lightning-filled tempest!
Your electrical attacks strike out in all directions at once.
You are incredibly evasive.
Your insubstantial body is immune to petrification, constriction, and being set on fire You are flying.
You are immune to poison.
Your armour is entirely melded.
You are incapable of wielding weapons or throwing items.
You cannot wear most types of armour.
You are amphibious.
You can wear up to eight rings at the same time.
((Your skin changes colour to match your surroundings (Stealth+).))
((Your rubbery body absorbs attacks. (AC +1, EV +1)))
((You are camouflaged when in or above water. (Stealth+)))
((You have tentacles for arms and can constrict up to eight enemies at once.))
You are dopey. (Int -2)
You are weak. (Str -2)
You occasionally lose the ability to drink potions when taking damage.


Message History

A slime creature comes into view.
You blast the Royal Jelly!!!!
Lightning courses through the Royal Jelly!
You kill the Royal Jelly!
Cheibriados thoroughly appreciates the change of pace.
The stone walls suddenly crumble and collapse.
With an infernal noise, the power ruling this place vanishes!
You blast the rockslime!!!
You kill the rockslime!
That felt strangely unrewarding.
You batter the acid blob!!
Your tentacles burn!
You blast the quicksilver ooze!!!
Lightning courses through the quicksilver ooze!
You kill the quicksilver ooze!
That felt strangely unrewarding.
The dying Royal Jelly spits out two more jellies.
The acid blob spits acid at you. The splash of acid hits you!
The acid corrodes you!
You blast the acid blob!!!!
You kill the acid blob!
That felt strangely unrewarding.
You batter the rockslime!!
You blast the quicksilver ooze!!!
You kill the quicksilver ooze!
That felt strangely unrewarding.
Two slime creatures merge to form a very large slime creature.
The rockslime completely misses you. 5 slime creatures come into view.
The rockslime completely misses you.
Two slime creatures merge to form an enormous slime creature.
You block the rockslime's attack.
A slime creature comes into view.
Two slime creatures merge to form a large slime creature.
The rockslime barely misses you. The rockslime closely misses you.
The slime creature jiggles.
Two slime creatures merge to form a very large slime creature.
The rockslime hits you!!
You feel threatened and lose the ability to drink potions!
* * * LOW HITPOINT WARNING * * *
You are shoved backwards!
The slime creature moves out of view. x3
The rockslime completely misses you. The rockslime hits you!!!
You die...

......###!:))/##.#$)[=(
.......##!/:$......?[!)
......## #$$."..../.)!#
.......####..........##
.........#............#.
.......#................
......#####..........##
......# ##$/.:....:.$?##
.......##=?::..Jv..!:)=#
.......##?)))$.J..=/φ)!#
........##)/$##..##(:[##
........###)!$#J## $[##
..........##(##..# ##..
..........#
###J####............
.......###....#..............
............JJ...............
..............J..............


You could see an enormous slime creature and 2 rockslimes.

Vanquished Creatures
  the Royal Jelly (Slime:5)
  2 dread liches
  Mara (Depths:2)
  Boris (Depths:2)
  Sojobo (Vaults:4)
  Bai Suzhen (Depths:1)
  Saint Roka (Depths:2)
  5 caustic shrikes (Depths:3)
  3 golden dragons
  3 bone dragons
  the Enchantress (Depths:2)
  An Ice Fiend (Shoals:3)
  Zenata (Vaults:1)
  5 liches
  Rupert (Vaults:3)
  3 tentacled monstrosities
  A walking earthen tome (Depths:4)
  2 quicksilver dragons
  3 titans
  13 acid blobs
  2 deep elf blademasters
  Asterion (Elf:3)
  Gastronok (D:8)
  A kraken (Shoals:3)
  Polyphemus (Shoals:3)
  Agnes (Vaults:3)
  7 sphinxes
  2 tentacled starspawn (Abyss:2)
  Donald (Elf:1)
  6 tengu reavers
  11 azure jellies
  3 shadow dragons
  The ghost of Sopaerr the Warrior, a journeyman MiBe of Trog (Snake:1)
  8 rockslimes
  2 nagarajas
  7 fire giants
  An iron dragon (Depths:4)
  2 revenants (Crypt:1)
  2 draconian knights
  14 vault wardens
  7 deep elf sorcerers
  Louise (Shoals:1)
  4 frost giants
  The ghost of Zays the Fighter, an adept GrEE of Okawaru (Shoals:1)
  A draconian shifter (Depths:4)
  Aizul (Snake:1)
  2 orc warlords
  A curse skull (Crypt:1)
  A juggernaut zombie (Depths:2)
  5 deep elf elementalists
  5 spriggan defenders
  A draconian stormcaller (Depths:4)
  35 very ugly things
  2 war gargoyles (Vaults:4)
  9 quicksilver oozes
  22 ironbound preservers
  The ghost of Veluwn the Stormcaller, a journeyman MeWn of Gozag (Shoals:3)
  2 caustic shrike skeletons (Depths:2)
  7 ironbound thunderhulks
  20 stone giants
  7 vampire knights
  6 deep elf demonologists
  Azrael (D:15)
  A yellow draconian (Depths:4)
  2 purple draconians (Depths:4)
  9 deep elf annihilators
  A white draconian (Depths:4)
  11 ettins
  An eidolon (Crypt:1)
  A blizzard demon (Depths:1)
  13 deep elf death magi
  Josephine (D:15)
  5 merfolk javelineers
  5 deep elf high priests
  7 fire dragons
  3 entropy weavers
  3 great orbs of eyes
  16 merfolk impalers
  3 jiangshi (Depths:2)
  17 yaktaur captains
  An entropy weaver (shapeshifter) (D:14)
  8 salamander tyrants
  3 hydras
  9 ice dragons
  3 ogre magi
  8 centaur warriors
  2 catoblepae
  28 vault guards
  6 rakshasas
  5 ironbound frosthearts
  A caustic shrike simulacrum (IceCv)
  A spriggan skeleton (Crypt:1)
  5 boulder beetles
  4 spriggan air magi
  16 anacondas
  A death knight (Crypt:1)
  2 alligator snapping turtles (Shoals:3)
  3 merfolk avatars
  Erica (D:8)
  29 dancing weapons
  7 merfolk aquamancers
  A satyr (Shoals:3)
  6 deep troll earth magi
  9 two-headed ogres
  7 deep troll shamans
  A vampire mage (Crypt:1)
  5 death yaks
  7 orc high priests
  18 naga warriors
  10 tengu warriors
  Urug (Orc:1)
  3 spriggan berserkers (Depths:3)
  8 naga sharpshooters
  A titan zombie (Crypt:1)
  A storm dragon zombie (Depths:2)
  A thrashing horror (Abyss:2)
  9 shock serpents
  13 hell knights (Depths:2)
  A shock serpent (shapeshifter) (Vaults:5)
  Sonja (D:11)
  2 titan skeletons
  7 iron trolls
  5 skysharks
  18 deep elf knights
  5 skeletal warriors (Crypt:1)
  7 salamander mystics
  13 sea snakes
  A sixfirhy (Abyss:2)
  A storm dragon skeleton (Depths:2)
  62 deep trolls
  3 glowing orange brains
  2 golden dragon skeletons (Depths:2)
  3 flayed ghosts
  A tengu zombie (Depths:2)
  An orange crystal statue (IceCv)
  6 wizards
  11 naga ritualists
  17 deep elf archers
  A steelbarb worm (shapeshifter) (Vaults:5)
  20 ironbound convokers
  An anaconda skeleton (Crypt:1)
  6 phantasmal warriors
  A wolf spider zombie (D:14)
  8 orc knights
  15 lindwurms
  2 shadow dragon skeletons (Depths:2)
  22 mana vipers
  31 harpies
  5 starcursed masses (Abyss:2)
  5 shining eyes
  2 necromancers
  43 ugly things
  14 manticores
  15 deep elf pyromancers
  A wolf spider (D:12)
  23 salamanders
  7 orc sorcerers
  15 fauns
  5 cyclopes
  27 deep elf zephyrmancers
  A worldbinder (Abyss:2)
  A glowing shapeshifter (Vaults:5)
  An iron dragon skeleton (Depths:2)
  9 centaur zombies (D:14)
  12 merfolk sirens
  An apocalypse crab (Abyss:2)
  A fire giant skeleton (Depths:2)
  4 elephants
  A frost giant skeleton (Depths:2)
  21 vault sentinels
  41 black mambas
  8 water nymphs
  2 smoke demons (Abyss:2)
  15 naga magi
  8 guardian serpents
  A guardian serpent (shapeshifter) (Vaults:5)
  An orange demon (Abyss:2)
  An eye of devastation (Slime:5)
  7 cane toads
  2 unseen horrors
  3 gargoyles
  4 kobold demonologists (D:13)
  A large abomination (Abyss:2)
  An efreet (D:15)
  A spriggan zombie (Depths:2)
  5 rime drakes
  29 yaktaurs
  A yaktaur (shapeshifter) (Elf:1)
  Maggie (D:8)
  9 komodo dragons
  A redback zombie (D:14)
  2 ancient zymes (Abyss:2)
  5 freezing wraiths
  A komodo dragon (shapeshifter) (Elf:2)
  7 tengu conjurers
  47 merfolk
  4 trolls
  11 hornets
  3 hellwings (Abyss:2)
  4 polar bears
  12 wind drakes
  2 meliai zombies (D:14)
  15 blink frogs
  A harpy skeleton (Crypt:1)
  9 dream sheep (Lair:5)
  Grinder (D:5)
  10 snapping turtles
  A dream sheep (shapeshifter) (Depths:3)
  A jumping spider (Vaults:4)
  4 flying skulls (Depths:2)
  A culicivora (Vaults:4)
  3 dire elephant simulacra (IceCv)
  142 slime creatures
  22 spriggans
  2 shadows (D:11)
  8 air elementals
  2 ynoxinuls (Abyss:2)
  20 water elementals
  5 wraiths
  4 wyverns
  55 yaks
  A vampire (D:14)
  3 fire elementals
  A spriggan (shapeshifter) (Depths:2)
  2 redbacks
  A basilisk (Lair:4)
  2 steam dragons
  A neqoxec (Abyss:2)
  9 vampire mosquitoes
  6 wargs
  3 glowing shapeshifter zombies (Depths:2)
  9 hell hounds
  3 acid dragons
  A floating eye (shapeshifter) (Vaults:5)
  15 water moccasins
  A floating eye (Depths:3)
  53 nagas
  A glowing shapeshifter skeleton (Depths:2)
  2 sky beasts
  29 orc warriors
  A hornet zombie (D:14)
  An alligator simulacrum (IceCv)
  9 black bears
  4 boggarts (Lair:5)
  2 ettin simulacra (IceCv)
  12 ogres
  16 centaurs
  19 wolves (Lair:5)
  2 phantoms
  4 kobold brigands
  7 scorpions
  13 bullfrogs
  A gnoll sergeant (D:8)
  3 earth elementals
  9 wights
  2 troll zombies (D:11)
  3 killer bees (D:9)
  A lindwurm simulacrum (IceCv)
  2 electric eels (Lair:1)
  19 howler monkeys
  4 small abominations (Abyss:2)
  4 jellies
  24 orc priests
  3 hounds
  A gnoll bouda (D:5)
  3 iguanas
  33 orc wizards
  6 ogre zombies (D:11)
  A boggart simulacrum (D:15)
  13 gnolls
  7 adders
  2 shadow imps (D:6)
  A white imp (Abyss:2)
  3 worms
  2 dart slugs
  81 orcs
  6 ball pythons
  7 endoplasms
  A giant cockroach (D:1)
  4 hobgoblins
  5 quokkas
  3 bats
  2 frilled lizards
  6 goblins
  3 goblin skeletons (D:11)
  3 goblin zombies (D:11)
  6 hobgoblin zombies (D:11)
  22 kobolds
  3 orc skeletons (D:11)
  10 orc zombies (D:11)
  5 rats
  2 plants (Shoals:1)
  2 spectral weapons (Elf:3)
  3 tentacles (Shoals:3)
2197 creatures vanquished.

Vanquished Creatures (others)
  A deep elf annihilator (Vaults:5)
  A warg (Vaults:5)
  14 fungi
  69 plants
  4 tentacles (Shoals:3)
89 creatures vanquished.

Grand Total: 2286 creatures vanquished

Notes
Turn   | Place    | Note
-------+----------+-------------------------------------------
     0 | D:1      | mandoloar the Octopode Transmuter began the quest for the
                  | Orb.
     0 | D:1      | Reached XP level 1. HP: 13/13 MP: 3/3
   298 | D:1      | Reached XP level 2. HP: 18/18 MP: 1/5
   301 | D:1      | Learned a level 2 spell: Wereblood
   552 | D:1      | Reached skill level 2 in Fighting
   569 | D:1      | Reached XP level 3. HP: 19/24 MP: 4/6
   703 | D:1      | Found a faded altar of an unknown god.
  1792 | D:3      | Identified 3 scrolls of acquirement
  1792 | D:3      | Acquired a +1 buckler of protection
  1844 | D:2      | Acquired 752 gold pieces
  1846 | D:2      | Acquired the +4 hat "Ynlucap" {Fly rPois}
  2263 | D:3      | Reached XP level 4. HP: 30/30 MP: 5/7
  2422 | D:3      | Reached skill level 3 in Fighting
  2761 | D:3      | Reached XP level 5. HP: 34/36 MP: 6/8
  3845 | D:4      | Reached skill level 4 in Fighting
  3845 | D:4      | Reached XP level 6. HP: 43/43 MP: 7/9
  4294 | D:4      | Found a glowing golden altar of the Shining One.
  4589 | D:4      | Reached skill level 5 in Transmutations
  5177 | D:5      | Entered Level 5 of the Dungeon
  5303 | D:5      | Reached skill level 5 in Fighting
  5303 | D:5      | Reached XP level 7. HP: 41/50 MP: 8/10
  5380 | D:5      | Found Adabaq's Book Emporium.
  5638 | D:4      | Learned a level 3 spell: Spider Form
  5818 | D:4      | Learned a level 4 spell: Ice Form
  6257 | D:5      | Reached skill level 6 in Fighting
  6383 | D:5      | Reached XP level 8. HP: 57/57 MP: 5/11
  6799 | D:5      | Noticed Grinder
  6931 | D:6      | Reached skill level 1 in Stealth
  7015 | D:6      | Reached skill level 1 in Shields
  7479 | D:6      | Acquired a +4 ring of protection
  8209 | D:6      | Reached XP level 9. HP: 59/63 MP: 5/12
  8497 | D:6      | Reached skill level 7 in Fighting
  8753 | D:6      | Found the +6 shillelagh "Devastator" {shatter}
  8992 | D:6      | Found Luluwon's Magic Scroll Shoppe.
  9225 | D:7      | Found a staircase to the Ecumenical Temple.
  9240 | Temple   | Entered the Ecumenical Temple
  9380 | Temple   | Became a worshipper of Cheibriados the Contemplative
  9946 | D:7      | Identified the +0 cloak of Ucerhont {rPois}
 10122 | D:7      | Reached skill level 1 in Invocations
 10359 | D:7      | Reached skill level 5 in Stealth
 10455 | D:7      | Reached * piety under Cheibriados
 10538 | D:7      | Reached skill level 5 in Unarmed Combat
 10793 | D:8      | Noticed Erica
 10814 | D:8      | Reached XP level 10. HP: 71/71 MP: 9/13
 11071 | D:8      | Reached ** piety under Cheibriados
 11188 | D:8      | Killed Erica
 11189 | D:8      | Reached skill level 5 in Dodging
 11196 | D:8      | Reached skill level 8 in Fighting
 11320 | D:8      | Found a staircase to the Lair.
 11657 | D:8      | Reached XP level 11. HP: 77/77 MP: 6/16
 11808 | D:8      | Reached skill level 5 in Shields
 11864 | D:8      | Noticed Maggie
 11945 | D:8      | Found a broken altar of Ashenzari.
 11947 | D:8      | Noticed Gastronok
 12041 | D:8      | Killed Gastronok
 12082 | D:8      | Killed Maggie
 12206 | D:9      | Reached *** piety under Cheibriados
 12315 | D:9      | Noticed a two-headed ogre
 12394 | D:9      | Noticed a boulder beetle
 12647 | D:9      | Killed a two-headed ogre
 12783 | D:9      | Reached skill level 5 in Invocations
 12839 | D:9      | Learned a level 4 spell: Manifold Assault
 12920 | D:9      | Reached skill level 1 in Translocations
 13099 | D:9      | Killed a boulder beetle
 13328 | D:5      | Killed Grinder
 13495 | D:10     | Entered Level 10 of the Dungeon
 13633 | D:10     | Reached **** piety under Cheibriados
 14095 | D:10     | Noticed a two-headed ogre
 14103 | D:10     | Killed a two-headed ogre
 14336 | D:10     | Reached skill level 9 in Fighting
 14336 | D:10     | Reached XP level 12. HP: 85/85 MP: 14/19
 14652 | Lair:1   | Entered Level 1 of the Lair of Beasts
 14693 | Lair:1   | Reached skill level 5 in Spellcasting
 14725 | Lair:1   | Found a runed translucent door.
 14726 | Lair:1   | Found a shimmering altar of Xom.
 14726 | Lair:1   | Noticed turdburglar's ghost (journeyman GnHs)
 15446 | Lair:1   | Noticed a catoblepas
 15616 | Lair:1   | Killed a catoblepas
 16012 | Lair:2   | Noticed a five-headed hydra
 16028 | Lair:2   | Killed a five-headed hydra
 16097 | Lair:2   | Learned a level 5 spell: Irradiate
 16452 | Lair:2   | Reached skill level 1 in Air Magic
 17086 | Lair:3   | Found a staircase to the Shoals.
 17271 | Lair:3   | Reached ***** piety under Cheibriados
 17303 | Lair:3   | Reached skill level 10 in Stealth
 17462 | Lair:3   | Found a staircase to the Snake Pit.
 17466 | Lair:3   | Reached XP level 13. HP: 91/91 MP: 18/21
 17643 | Lair:3   | Identified the +7 trident "Bosihy" {freeze, *Slow rF++
                  | Str+3 Stlth+}
 18900 | Lair:4   | Reached skill level 10 in Transmutations
 19450 | Lair:5   | Entered Level 5 of the Lair of Beasts
 19717 | Lair:5   | Found a staircase to the Slime Pits.
 20040 | Lair:5   | Reached skill level 10 in Fighting
 20485 | Lair:5   | Reached ****** piety under Cheibriados
 20495 | Lair:5   | Reached skill level 5 in Translocations
 20854 | Lair:5   | Reached XP level 14. HP: 99/99 MP: 18/24
 21302 | Lair:5   | Learned a level 7 spell: Storm Form
 22109 | D:11     | Found a staircase to the Orcish Mines.
 22455 | D:11     | Noticed Sonja
 22464 | D:11     | Killed Sonja
 22649 | D:11     | Found Eralul's Magic Scroll Boutique.
 22652 | D:11     | Bought a scroll of teleportation for 42 gold pieces
 22652 | D:11     | Bought a scroll of fear for 56 gold pieces
 22652 | D:11     | Bought a scroll of teleportation for 42 gold pieces
 22657 | D:11     | Learned a level 3 spell: Ozocubu's Armour
 24420 | D:13     | You are sucked into a shaft and drop 1 floor!
 24494 | D:14     | Reached skill level 5 in Air Magic
 24563 | D:14     | Identified the ring of Hiusho {rPois rC- Str+3 Dex+6}
 24953 | D:13     | Found Paifuun's Book Boutique.
 25340 | D:13     | Found a gate to the Vaults.
 25703 | D:14     | Found a basalt altar of Yredelemnul.
 25913 | D:14     | Reached skill level 11 in Fighting
 25913 | D:14     | Reached XP level 15. HP: 106/106 MP: 23/26
 26474 | D:14     | Found a sacrificial altar of Ru.
 26575 | D:15     | Entered Level 15 of the Dungeon
 26860 | D:15     | Noticed Azrael
 26873 | D:15     | Killed Azrael
 26942 | D:15     | Noticed Josephine
 26950 | D:15     | Killed Josephine
 26954 | D:15     | Reached skill level 10 in Unarmed Combat
 27122 | D:15     | Noticed a fire giant
 27131 | D:15     | Killed a fire giant
 27161 | D:15     | Found a staircase to the Depths.
 27384 | D:15     | Found a stormy altar of Qazlal.
 28104 | Orc:1    | Entered Level 1 of the Orcish Mines
 28111 | Orc:1    | Noticed Urug
 28119 | Orc:1    | Killed Urug
 28380 | Orc:1    | Found Moffeon's Jewellery Boutique.
 28387 | Orc:1    | Bought the ring "Ydiuplum" {Fire Int+3} for 459 gold pieces
 28387 | Orc:1    | Bought a ring of wizardry for 360 gold pieces
 28387 | Orc:1    | Bought the ring "Ruarph Uhitetz" {rElec rPois Str+3 Int+4}
                  | for 584 gold pieces
 28387 | Orc:1    | Bought a ring of magical power for 240 gold pieces
 28616 | Orc:2    | Entered Level 2 of the Orcish Mines
 28620 | Orc:2    | Found a staircase to the Elven Halls.
 28746 | Orc:2    | Reached skill level 10 in Dodging
 28987 | Orc:2    | Reached skill level 10 in Invocations
 28994 | Orc:2    | Noticed an orc warlord
 29008 | Orc:2    | Killed an orc warlord
 29178 | Orc:2    | Reached XP level 16. HP: 113/113 MP: 21/28
 29559 | Orc:2    | Found Goawenadoi's General Store.
 29560 | Orc:2    | Found Hiorchad's Book Emporium.
 29562 | Orc:2    | Found Qubez's Antique Armour Emporium.
 29562 | Orc:2    | Found Qoomot's Antique Weapon Shoppe.
 29579 | Orc:2    | Bought the Annotations on Composition for 616 gold pieces
 29641 | Orc:2    | Learned a level 6 spell: Statue Form
 29937 | Snake:1  | Entered Level 1 of the Snake Pit
 30768 | Snake:1  | Found a shimmering altar of Xom.
 31012 | Snake:1  | Found Taegesch's General Store.
 31273 | Snake:1  | Found a runed translucent door.
 31274 | Snake:1  | Noticed Sopaerr's ghost (journeyman MiBe)
 31529 | Snake:1  | Noticed Aizul
 31535 | Snake:1  | Killed Aizul
 31632 | Snake:1  | Killed Sopaerr's ghost
 31637 | Snake:1  | Identified the staff of air "Yxzigoipt" {rElec rC+ rN+}
 31841 | Snake:2  | Reached skill level 12 in Fighting
 32707 | Snake:2  | Noticed a nagaraja
 32717 | Snake:2  | Killed a nagaraja
 32846 | Snake:2  | Identified the +1 shortbow "Carhut" {elec, Int+2}
 34087 | Snake:3  | Reached XP level 17. HP: 120/120 MP: 30/30
 34898 | Snake:4  | Entered Level 4 of the Snake Pit
 35923 | Snake:4  | Reached skill level 10 in Spellcasting
 36319 | Snake:4  | Found Ciuxicuc's Magic Scroll Boutique.
 36327 | Snake:4  | Bought a scroll of blinking for 150 gold pieces
 36327 | Snake:4  | Bought a scroll of teleportation for 60 gold pieces
 36327 | Snake:4  | Bought a scroll of teleportation for 60 gold pieces
 36327 | Snake:4  | Bought a scroll of blinking for 150 gold pieces
 36457 | Snake:4  | Reached skill level 13 in Fighting
 36694 | Snake:4  | Reached XP level 18. HP: 103/128 MP: 30/32
 36696 | Snake:4  | Identified the +0 leather armour of the Desolation of Salt
                  | {Str+3 Int+4 Dex-4 SInv}
 37171 | Snake:4  | Got a serpentine rune of Zot
 37523 | Shoals:1 | Entered Level 1 of the Shoals
 37884 | Shoals:1 | Found a frozen archway.
 37884 | Shoals:1 | Noticed Louise
 37889 | Shoals:1 | Killed Louise
 37905 | IceCv    | Entered an ice cave
 38028 | IceCv    | Found a transporter.
 38038 | IceCv    | Found a transporter.
 38265 | Shoals:1 | Reached skill level 10 in Air Magic
 38374 | Shoals:1 | Found a runed translucent door.
 38376 | Shoals:1 | Noticed Zays's ghost (adept GrEE)
 38828 | Shoals:1 | Killed Zays's ghost
 40475 | Shoals:3 | Found a runed translucent gate.
 40480 | Shoals:3 | Noticed Veluwn's ghost (journeyman MeWn)
 40527 | Shoals:3 | Found Yngumeh's Antique Armour Shop.
 40652 | Shoals:3 | Reached XP level 19. HP: 66/135 MP: 34/34
 40973 | Shoals:3 | Found a runed translucent gate.
 40973 | Shoals:3 | Found a runed translucent gate.
 41000 | Shoals:3 | Identified the +8 dagger "Ofacil" {flame, rF+ rC+ rN+}
 41419 | Shoals:3 | Noticed an Ice Fiend
 41430 | Shoals:3 | Killed Veluwn's ghost
 41430 | Shoals:3 | Killed an Ice Fiend
 41650 | Shoals:3 | Identified the +0 hat of Catatonia {Fly rC+ Str-2}
 41672 | Shoals:4 | Entered Level 4 of the Shoals
 41679 | Shoals:4 | Noticed Polyphemus
 41694 | Shoals:3 | Killed Polyphemus
 41821 | Shoals:4 | Found a stormy altar of Qazlal.
 41965 | Shoals:4 | Reached skill level 14 in Fighting
 42055 | Shoals:4 | Got a barnacled rune of Zot
 42145 | Shoals:4 | Paralysed by an air elemental for 1 turns
 42462 | Shoals:4 | Paralysed by an air elemental for 1 turns
 43401 | Vaults:1 | Entered Level 1 of the Vaults
 43460 | Vaults:1 | Reached XP level 20. HP: 139/144 MP: 35/35
 44159 | Vaults:1 | Noticed Zenata
 44166 | Vaults:1 | Killed Zenata
 44418 | Vaults:1 | Acquired the amulet "Jyurgh" {Reflect rElec SH+5}
 44796 | Vaults:1 | Paralysed by a sphinx for 2 turns
 45445 | Vaults:2 | Reached skill level 1 in Earth Magic
 46151 | Vaults:2 | Reached skill level 15 in Fighting
 46332 | Vaults:2 | Reached skill level 15 in Transmutations
 46540 | D:13     | Bought Sif Muna's Dissertation on the Vector and
                  | Configuration for 660 gold pieces
 46747 | Vaults:3 | Noticed Rupert
 46749 | Vaults:3 | Paralysed by Rupert for 2 turns
 46752 | Vaults:3 | Noticed Agnes
 46757 | Vaults:3 | Killed Rupert
 46758 | Vaults:3 | Killed Agnes
 47209 | Vaults:3 | Noticed a bone dragon
 47217 | Vaults:3 | Killed a bone dragon
 47239 | Vaults:3 | Found a staircase to the Crypt.
 47769 | Vaults:3 | Reached XP level 21. HP: 150/152 MP: 37/37
 48531 | Vaults:4 | Reached skill level 16 in Fighting
 48605 | Vaults:4 | Noticed Sojobo
 48619 | Vaults:4 | Killed Sojobo
 48887 | Vaults:4 | Reached skill level 5 in Earth Magic
 50037 | Elf:1    | Entered Level 1 of the Elven Halls
 50050 | Elf:1    | Paralysed by an orc sorcerer for 2 turns
 50828 | Elf:1    | Reached skill level 15 in Unarmed Combat
 51018 | Elf:1    | Reached XP level 22. HP: 162/162 MP: 39/39
 51402 | Elf:1    | Noticed Donald
 51406 | Elf:1    | Killed Donald
 52467 | Elf:2    | Reached skill level 17 in Fighting
 52768 | Elf:2    | Identified the ring "Otoin" {Fly Str+2}
 52785 | Elf:2    | Found a runed translucent gate.
 52785 | Elf:2    | Found a runed translucent gate.
 52785 | Elf:2    | Found a runed translucent gate.
 53742 | Elf:3    | Entered Level 3 of the Elven Halls
 53809 | Elf:3    | Reached skill level 15 in Dodging
 54088 | Elf:3    | Identified the ring "Wules" {Drain rElec rC+ Int-2 Dex+8}
 54101 | Elf:3    | Identified the +10 halberd of Corporal Punishment
                  | {antimagic, Str-5 Dex+2 Stlth+}
 54522 | Elf:3    | Noticed Asterion
 54536 | Elf:3    | Killed Asterion
 55824 | Elf:3    | Got the Reference Book on the Injurious Deep Freeze
 55827 | Elf:3    | Found the +0 pair of fencer's gloves {Riposte Dex+3}
 55838 | Elf:3    | Identified the staff of death "Etepleh" {rN+ rCorr Str+3
                  | Dex-4}
 56406 | Depths:1 | Entered Level 1 of the Depths
 56448 | Depths:1 | Noticed Bai Suzhen
 56463 | Depths:1 | Killed Bai Suzhen
 56492 | Depths:1 | Upgraded the game from 0.31-a0-1-g4198be8af4 to
                  | 0.31-a0-4-gefa6de2278
 56621 | Depths:1 | Found a radiant altar of Vehumet.
 56687 | Depths:1 | Found a gateway to Hell.
 56760 | Depths:1 | Found a one-way gateway to a ziggurat.
 56837 | Depths:1 | Found Lotaduopt's Antique Armour Shop.
 56839 | Depths:1 | Found Loamai's Antique Weapon Boutique.
 56844 | Depths:1 | Found Caesischi's Assorted Antiques.
 56984 | Depths:1 | Reached XP level 23. HP: 157/171 MP: 40/40
 57024 | Depths:1 | Found Ecvu's Distillery.
 57101 | Depths:1 | Reached skill level 18 in Fighting
 57981 | Depths:2 | Noticed Mara
 58000 | Depths:2 | Noticed mandoloar's illusion
 58012 | Depths:2 | Noticed mandoloar's illusion
 58012 | Depths:2 | Killed Mara
 58181 | Depths:2 | Noticed Boris
 58186 | Depths:2 | Killed Boris
 58457 | Depths:2 | Noticed the Enchantress
 58469 | Depths:2 | Killed the Enchantress
 58558 | Depths:2 | Found a one-way gate leading to the halls of Pandemonium.
 58684 | Depths:2 | Noticed Saint Roka
 58706 | Depths:2 | Killed Saint Roka
 59831 | Depths:3 | Noticed a caustic shrike
 59833 | Depths:3 | Noticed a caustic shrike
 59834 | Depths:3 | Noticed a caustic shrike
 59835 | Depths:3 | Noticed a caustic shrike
 59836 | Depths:3 | Noticed a caustic shrike
 59836 | Depths:3 | Killed a caustic shrike
 59837 | Depths:3 | Reached XP level 24. HP: 180/180 MP: 29/41
 59839 | Depths:3 | Killed a caustic shrike
 59841 | Depths:3 | Killed a caustic shrike
 59842 | Depths:3 | Killed a caustic shrike
 59842 | Depths:3 | Killed a caustic shrike
 59943 | Depths:3 | Found a one-way gate to the infinite horrors of the Abyss.
 60269 | Depths:3 | Reached skill level 19 in Fighting
 60874 | Depths:4 | Entered Level 4 of the Depths
 61225 | Depths:4 | Found Esylegh's Magic Scroll Shop.
 61535 | Depths:4 | Found Gogek's Magic Scroll Emporium.
 61575 | Depths:4 | Found Joeh's Magic Scroll Boutique.
 61834 | Depths:4 | Found Uhuad's Antique Weapon Boutique.
 62103 | Depths:4 | Found a gate to the Realm of Zot.
 62595 | Depths:4 | Found Ogaulext's Distillery.
 62601 | Depths:4 | Bought a potion of heal wounds for 80 gold pieces
 62601 | Depths:4 | Bought a potion of heal wounds for 80 gold pieces
 63511 | Crypt:1  | Entered Level 1 of the Crypt
 64082 | Vaults:5 | Entered Level 5 of the Vaults
 64088 | Vaults:5 | Reached skill level 10 in Earth Magic
 64090 | Vaults:5 | Reached skill level 15 in Air Magic
 64308 | Vaults:5 | Reached skill level 15 in Spellcasting
 64328 | Vaults:5 | Noticed a dread lich
 64334 | Vaults:4 | Reached XP level 25. HP: 187/187 MP: 38/42
 64431 | Abyss:2  | Cast into level 2 of the Abyss (a deep elf sorcerer)
 64630 | Abyss:2  | Noticed a dread lich
 64633 | Abyss:2  | Killed a dread lich
 64849 | Vaults:5 | Escaped the Abyss
 64853 | Vaults:4 | Killed a dread lich
 64902 | Abyss:2  | Cast into level 2 of the Abyss (a deep elf sorcerer)
 64988 | Vaults:5 | Escaped the Abyss
 64991 | Vaults:5 | Reached skill level 10 in Shields
 66567 | Lair:1   | Acquired a book of the Dragon
 66677 | Lair:1   | Learned a level 7 spell: Dragon Form
 67447 | Vaults:5 | Found the +9 scales of the Dragon King {rPois rF+ rC+
                  | Will+}
 67543 | Vaults:5 | Got the Atlas of Gloom
 67546 | Vaults:5 | Found Kexteerph's Distillery.
 67577 | Vaults:5 | Got the Grimoire of Formation and Incandescence
 67581 | Vaults:5 | Identified the +8 arbalest of Pestilence {heavy, rCorr
                  | Dex+2 Stlth+}
 67604 | Vaults:5 | Identified the +8 battleaxe of Paudyuma {venom, *Noise
                  | rPois rF+ rN+}
 68102 | Vaults:5 | Got the Folio of Loathsome Lightning
 68197 | Vaults:5 | Identified the +1 pair of boots "Foma" {-Tele Str+4 Slay+3}
 68245 | Vaults:5 | Got a silver rune of Zot
 69558 | Slime:1  | Entered Level 1 of the Pits of Slime
 69561 | Slime:1  | Gained mutation: You are dopey. (Int -2) [a shining eye]
 69563 | Slime:1  | Gained mutation: You are weak. (Str -2) [a shining eye]
 70106 | Slime:2  | You are sucked into a shaft and drop 2 floors!
 70788 | Slime:2  | Gained mutation: You occasionally lose the ability to drink
                  | potions when taking damage. [a shining eye]
 70789 | Slime:2  | Reached skill level 20 in Fighting
 71864 | Slime:4  | Reached XP level 26. HP: 196/196 MP: 42/42
 72349 | Slime:5  | Entered Level 5 of the Pits of Slime
 72620 | Slime:5  | Noticed the Royal Jelly
 73461 | Slime:5  | Found a viscous altar of Jiyva.
 73466 | Slime:5  | Found the +4 skin of Zhor {*Englaciate rC+++ SInv}
 73506 | Slime:5  | Killed the Royal Jelly
 73509 | Slime:5  | Mangled by a rockslime

Illustrated notes

Levels and vault maps discovered:
D:1:      lemuel_arrival_behind_the_door_small, layout_loops_corners,
          shapermc_ecumenical_altar_mp_highgroup
D:2:      layout_rooms, kennysheep_big_empty_room,
          chequers_serial_rivers_large_a
D:3:      layout_basic, kennysheep_generic_room_7, uniq_crazy_yiuf_cottage
D:4:      layout_basic, lemuel_coloured_pillars_altar
D:5:      layout_rooms, serial_shops, shop, grunt_ministairs_13, uniq_grinder
D:6:      layout_gridville, kennysheep_small_square
D:7:      layout_basic, minmay_temple_entry_large_hall
D:8:      layout_basic, cheibrodos_ashenzari_chains, lair_entry_dummy,
          st_stairs_12, uniq_gastronok, uniq_erica, uniq_maggie
D:9:      layout_rooms, minmay_microvault
D:10:     layout_grid_maze
D:11:     layout_loops_corners, zombieorc2_lemuel, serial_shops,
          nicolae_shop_rolled_up, uniq_sonja
D:12:     layout_long_grid, drop_trap
D:13:     layout_cave_pools, erik_vaults_1, serial_shops, shop
D:14:     layout_irregular_city, nicolae_ru_path_of_blood,
          nicolae_yredelemnul_corpse_copse
D:15:     grunt_enter_depths_giant_problem, layout_layer_cave,
          hangedman_abyss_or_decor_lesser_grid, minmay_misc_feat_secret_circle,
          minivault_27, nicolae_qazlal_scattered_showers, uniq_josephine,
          uniq_azrael
Temple:   mainiacjoe_temple_cubbyholes
Lair:1:   layout_gridlike, ebering_ghost_xom, serial_bayou_shore_b,
          infiniplex_staircase_pool, grunt_megastairs_1, serial_bayou_shore_b,
          serial_bayou_shore_a
Lair:2:   layout_hall_layers
Lair:3:   layout_loops_ring, elwin_shoals_entry_rocks,
          guppyfry_snake_entry_island, serial_rivers,
          chequers_serial_rivers_small_b, chequers_serial_rivers_small_b,
          chequers_serial_rivers_marsh, chequers_serial_rivers_large_b,
          chequers_serial_rivers_micro_c, chequers_serial_rivers_micro_c,
          beast_lair_carwin_2, lemuel_fruit_tree
Lair:4:   layout_loops_ring
Lair:5:   minmay_lair_end_enchanted_forest, layout_cave_shapes,
          nicolae_slime_entry_field_trip, nicolae_quartered_pool_medium
Shoals:1: layout_shoals, ebering_ghost_inner_flame,
          portal_ice_cave_entry_pillars_1, uniq_louise
Shoals:2: layout_shoals
Shoals:3: layout_shoals, serial_shops, shop, gammafunk_ghost_tricky_traps,
          nicolae_shoals_siren_and_animal_friends
Shoals:4: shoals_end_hellmonk_storm_palace [storm_palace_center_ruins,
          storm_palace_corner_blocked, storm_palace_corner_reverse_hut,
          storm_palace_corner_altar, storm_palace_corner_reverse_hut],
          uniq_polyphemus
Snake:1:  layout_gridlike, serial_shops, nicolae_diamond_shop,
          gammafunk_ghost_grave, basic_altar, special_room, drop_trap,
          nicolae_snake_lava_pool, uniq_aizul
Snake:2:  layout_chambers, nicolae_integral_box
Snake:3:  layout_layer_cave
Snake:4:  snake_pit_salamanders_mu, layout_cave_town, serial_shops, shop,
          grunt_megastairs_5
Slime:1:  layout_caves
Slime:2:  nicolae_slime_infinislime, layout_caves, nicolae_slime_crime_time
Slime:3:  layout_caves
Slime:4:  cheibrodos_slime_lost_civilization_2, layout_caves
Slime:5
Orc:1:    layout_diamond_mine, serial_shops, shop, uniq_urug
Orc:2:    st_orc_congregation, layout_caves, minmay_orc_temple_a
Elf:1:    nicolae_elf_arrival_no_cutting_in_line, layout_onion_city,
          evilmike_minifort, drop_trap, uniq_donald
Elf:2:    elven_hall_of_blades_hangedman_original [nicolae_blade_bullseye],
          layout_gridlike
Elf:3:    minmay_elf_hall_curves, layout_gridlike, hangedman_elf_represent,
          uniq_asterion
Vaults:1: hangedman_vaults_hat, vaults_dpeg_encased_lava, nicolae_vaults_prndl,
          nicolae_vaults_more_shelving_1, vaults_room_fancy_cross,
          nicolae_vaults_sesquioval_fish, v_misc_18,
          nicolae_vaults_ring_of_whatevers, nicolae_vaults_murder_corner,
          layout_vaults_omnigrid, uniq_zenata
Vaults:2: v_pattern_4, vaults_room_pool, nicolae_vaults_back_hallway,
          nicolae_vaults_double_plus_3, st_cells, grunt_vaults_focal,
          nicolae_vaults_house_2, nicolae_vaults_tetromino_L_1,
          nicolae_vaults_border_crossing, nicolae_vaults_closet_pinwheel_4,
          nicolae_vaults_house_2, layout_vaults_omnicross
Vaults:3: minmay_crypt_entry_nasty_monster, nicolae_vaults_closet_pinwheel_2,
          hangedman_vaults_stretched_pinwheel, nicolae_vaults_sealed_display,
          sword_in_stone, vaults_dpeg_cross, vaults_mumra_chevron_long,
          nicolae_vaults_tetromino_T_2, hangedman_vaults_nails,
          nicolae_vaults_tetromino_Z_2, nicolae_vaults_three_branches,
          v_misc_15, nicolae_vaults_angled_halls, v_misc_1, layout_vaults_maze
Vaults:4: nicolae_vaults_big_angled_halls, v_misc_1, hangedman_vaults_stream,
          nicolae_vaults_diamond_1, nicolae_vaults_minivaults,
          nicolae_vaults_storage_closets_3, nicolae_vaults_house_3,
          vaults_room_ringed_pool, ontoclasm_vaults_hangar,
          grunt_vaults_hallway_short, layout_vaults_omnibox, uniq_sojobo
Vaults:5: uniq_margery
Crypt:1:  layout_chaotic_city, basic_altar, grunt_megastairs_2
Depths:1: layout_basic, enter_ziggurat_a, nicolae_vehumet_radiance,
          hangedman_coc_ice_floe, kennysheep_windowed_goal, minmay_shop_star,
          uniq_bai_suzhen
Depths:2: hangedman_screamer, layout_honeycomb, chequers_serial_rivers_small_a,
          serial_co_window_serial, co_window_of_opportunity_a,
          co_window_corner_a, co_window_of_opportunity_a, co_window_corner_a,
          co_window_paths_a, co_window_corner_cb, co_window_cross_4,
          co_window_corner_b, co_window_broadway_c, co_window_unsneaky_path_a,
          co_window_corner_cb, co_window_4corner_b, glass_columns_a,
          glass_columns_a, pan_entry, hell_entry, uniq_mara, uniq_enchantress,
          uniq_saint_roka
Depths:3: hellmonk_ruined_rings, layout_basic, abyss_entry, hell_entry,
          serial_corexii_hall, corexii_hall_statues_l, corexii_hall_statues_u
Depths:4: grunt_zot_entry_bicorn, layout_honeycomb, serial_shops, shop, shop,
          nicolae_shop_rolled_up, shop, shop, grunt_hell_entry_dis_mu,
          minmay_misc_feat_iff, grunt_tough_drop

Skill      XL: |  1  2  3  4  5  6  7  8  9 10 11 12 13 14 15 16 17 18 19 20 21 22 23 24 25 26 |
---------------+-------------------------------------------------------------------------------+-----
Fighting       | 2 3 4 5 6 7 8 9 10 11 12 13 14 15 16 17 18 19 20 | 20.1
Transmutations | 3 4 5 6 7 8 9 10 11 12 13 14 15 16 17 18 | 18.4
Stealth        | 3 5 7 8 10 11 12 13 14 | 14.0
Shields        | 2 3 4 5 6 8 9 10 | 10.2
Dodging        | 3 4 5 6 7 8 9 10 11 12 13 14 15 16 17 | 17.5
Unarmed Combat | 4 5 6 7 8 9 10 11 12 13 14 15 16 17 | 17.7
Invocations    | 2 4 5 6 8 9 10 11 12 13 14 | 14.0
Spellcasting   | 3 4 5 6 7 8 9 10 11 12 13 14 15 | 15.9
Translocations | 2 4 5 |  5.0
Air Magic      | 2 4 5 7 8 9 10 11 12 13 14 15 16 | 16.1
Earth Magic    | 3 6 7 9 10 | 10.0

Action                     |  1- 3 |  4- 6 |  7- 9 | 10-12 | 13-15 | 16-18 | 19-21 | 22-24 | 25-27 || total
---------------------------+-------+-------+-------+-------+-------+-------+-------+-------+-------++-------
  Melee: Unarmed           |    17 |     2 |   181 |   454 |   978 |   667 |   653 |   750 |   347 ||  4049
         Constrict         |    14 |    23 |    21 |     2 |     2 |       |       |       |     1 ||    63
         Kick              |    10 |    20 |    20 |       |       |       |       |       |       ||    50
         Tentacles         |    10 |    15 |    22 |     1 |     3 |       |     2 |     1 |     2 ||    56
         Punch             |     1 |     4 |     1 |     1 |     8 |    35 |    45 |    78 |    23 ||   196
         Short sword       |    18 |       |       |       |       |       |       |       |       ||    18
         Whip              |    22 |    88 |    60 |     1 |       |       |       |       |       ||   171
         Shillelagh        |       |       |     3 |       |       |       |       |       |       ||     3
         Staff             |       |       |       |       |       |     1 |     3 |     2 |     7 ||    13
         Tailslap          |       |       |       |       |       |       |       |       |     1 ||     1
  Throw: Dart              |    13 |    23 |    14 |    11 |     7 |       |       |       |       ||    68
         Boomerang         |     4 |    51 |    33 |       |       |       |       |       |       ||    88
   Cast: Beastly Appendage |    14 |    16 |    17 |       |       |       |       |       |       ||    47
         Wereblood         |     2 |     2 |     4 |    17 |    21 |    10 |    22 |    14 |     3 ||    95
         Ice Form          |       |       |    11 |    57 |    93 |       |       |       |       ||   161
         Spider Form       |       |       |    15 |     2 |       |       |       |       |       ||    17
         Manifold Assault  |       |       |       |     1 |    24 |   113 |    35 |   124 |    91 ||   388
         Ozocubu's Armour  |       |       |       |       |     9 |     4 |       |       |     2 ||    15
         Irradiate         |       |       |       |       |     1 |       |       |       |       ||     1
         Storm Form        |       |       |       |       |    19 |   107 |    87 |   103 |    58 ||   374
         Statue Form       |       |       |       |       |       |     5 |       |       |     4 ||     9
         Dragon Form       |       |       |       |       |       |       |       |       |     3 ||     3
 Invoke: Bend Time         |       |       |       |     2 |     3 |       |     1 |       |       ||     6
         Slouch            |       |       |       |       |    12 |     4 |     6 |     4 |     8 ||    34
         Temporal Distorti |       |       |       |       |       |       |       |     1 |       ||     1
Ability: End Transformatio |       |       |       |     2 |       |     1 |     2 |       |     3 ||     8
         Blinkbolt         |       |       |       |       |     3 |    10 |    21 |     8 |       ||    42
  Evoke: Wand              |       |       |       |    12 |    10 |       |       |       |       ||    22
    Use: Scroll            |    10 |     4 |     9 |     7 |     5 |     2 |     2 |     4 |     1 ||    44
         Potion            |     2 |     2 |       |     1 |       |       |     1 |     3 |       ||     9
   Stab: Sleeping          |     6 |       |     1 |     9 |     9 |     6 |    10 |     5 |       ||    46
         Invisible         |       |       |       |     1 |       |       |       |       |       ||     1
         Distracted        |       |       |       |       |     2 |       |     4 |       |     1 ||     7
         Petrified         |       |       |       |       |       |       |     1 |       |       ||     1
 Armour: Skin              |     3 |    23 |    50 |   102 |   248 |   136 |   108 |   124 |    59 ||   853
  Dodge: Dodged            |    30 |    46 |   178 |   435 |  1406 |   990 |  1082 |   854 |   507 ||  5528
  Block: Buckler           |       |    10 |    17 |    13 |     3 |     4 |     6 |       |       ||    53
         Other             |       |       |       |       |       |       |    79 |   139 |    51 ||   269
         Reflection        |       |       |       |       |       |       |    11 |    14 |    10 ||    35
         Kite shield       |       |       |       |       |       |       |       |     5 |     9 ||    14
         Tower shield      |       |       |       |       |       |       |       |       |     3 ||     3

Table legend: (Time is in decaauts)
 A = Elapsed time spent in this place.
 B = Non-inter-level travel time spent in this place.
 C = Inter-level travel time spent in this place.
 D = Time resting spent in this place.
 E = Time spent auto-exploring this place.
 F = Levels seen in this place.
 G = Mean time per level.
                   A        B        C        D        E       F      G
               +--------+--------+--------+--------+--------+-----+--------+
         Total | 107755 |  89427 |  18328 |  14998 |  58456 |  52 | 2072.2 |
       Dungeon |  31296 |  23580 |   7716 |   4800 |  13993 |  15 | 2086.4 |
        Temple |    567 |    474 |     93 |    100 |    369 |   1 |  567.0 |
          Lair |  12892 |  10366 |   2526 |   1827 |   6569 |   5 | 2578.4 |
        Shoals |   8402 |   7696 |    706 |    926 |   5206 |   4 | 2100.5 |
     Snake Pit |  11343 |   9800 |   1543 |   1019 |   7244 |   4 | 2835.8 |
    Slime Pits |   5936 |   5298 |    638 |   1128 |   3568 |   5 | 1187.2 |
  Orcish Mines |   2811 |   2359 |    452 |    263 |   1450 |   2 | 1405.5 |
   Elven Halls |   8585 |   7404 |   1181 |   1537 |   4515 |   3 | 2861.7 |
        Vaults |  14893 |  12478 |   2415 |   2734 |   8020 |   5 | 2978.6 |
         Crypt |    207 |    159 |     48 |      0 |     55 |   1 |  207.0 |
        Depths |   9850 |   8845 |   1005 |    599 |   6856 |   4 | 2462.5 |
         Abyss |    703 |    703 |      0 |      6 |    515 |   2 |  351.5 |
      Ice Cave |    266 |    266 |      0 |     57 |     95 |   1 |  266.0 |
               +--------+--------+--------+--------+--------+-----+--------+

Top non-repeatable levels by time:
     D:8: 4713 daAuts
Vaults:4: 4653 daAuts
  Lair:1: 3511 daAuts
Depths:2: 3417 daAuts
 Snake:4: 3195 daAuts
   Elf:3: 3073 daAuts
   Elf:1: 2996 daAuts
 Snake:3: 2852 daAuts
  Lair:5: 2830 daAuts
 Snake:2: 2811 daAuts
Vaults:1: 2750 daAuts
Vaults:2: 2733 daAuts
    D:11: 2730 daAuts
Depths:4: 2690 daAuts
  Lair:3: 2534 daAuts
